 Dungeon Crawl Stone Soup version 0.20.1-1-g8b1a95d (webtiles) character file.

28 scotch the Sneak (level 2, -4/13 HPs)
             Began as a Spriggan Enchanter on July 8, 2017.
             Slain by a scorpion (7 damage)
             ... on level 4 of the Dungeon.
             The game lasted 00:05:55 (2840 turns).

scotch the Sneak (Spriggan Enchanter)               Turns: 2840, Time: 00:05:56

Health: -4/13      AC:  2    Str:  1 (4)  XL:     2   Next: 96%
Magic:  0/6        EV: 18    Int: 13 (16) God:
Gold:   65         SH:  0    Dex: 14 (16) Spells: 3/6 levels left

rFire    . . .     SeeInvis +   a - +1 dagger
rCold    . . .     Gourm    .   (shield restricted)
rNeg     . . .     Faith    .   b - +0 robe
rPois    .         Spirit   .   (helmet restricted)
rElec    .         Reflect  .   (no cloak)
rCorr    .         Harm     .   (gloves unavailable)
MR       .....                  (boots unavailable)
Stlth    +++.......             (no amulet)
Regen    0.1/turn               (no ring)
MPRegen  0.1/turn               (no ring)

@: very quick
A: unfitting armour, see invisible, herbivore 3, speed 3, slow metabolism 2
a: no special abilities


You were on level 4 of the Dungeon.
You were full.

You visited 1 branch of the dungeon, and saw 4 of its levels.

You collected 65 gold pieces.

Inventory:

Hand Weapons
 a - a +1 dagger (weapon)
 f - a +0 dagger
 h - a +0 short sword
Missiles
 i - 32 stones (quivered)
Armour
 b - a +0 robe (worn)
Books
 c - a book of Maledictions

   Spells                             Type                      Level
   a - Corona                         Hexes                        1
   b - Ensorcelled Hibernation        Hexes/Ice                    2
   c - Confuse                        Hexes                        3
   d - Tukima's Dance                 Hexes                        3
   e - Dazzling Spray                 Conjuration/Hexes            3


   Skills:
 - Level 1.1 Short Blades
 - Level 3.0 Dodging
 + Level 5.3 Stealth
 - Level 2.6 Spellcasting
 + Level 4.4 Hexes


You had 3 spell levels left.
You knew the following spells:

 Your Spells              Type           Power        Failure   Level  Hunger
a - Corona                Hex            ##.....      3%          1    #......
b - Ensorcelled Hibernat  Hex/Ice        #.....       14%         2    ###....


Dungeon Overview and Level Annotations

Branches:
Dungeon (4/15)
 Temple: D:4-7

Altars:
Dithmenos


Innate Abilities, Weirdness & Mutations

You are very small and have problems with some larger weapons.
You are too small for most types of armour.
You have supernaturally acute eyesight. (SInv)
You are a herbivore.
You cover ground extremely quickly.
You need consume almost no food.


Message History

* * * LOW HITPOINT WARNING * * *
As you read the scroll labeled DENGUT OCUIHAI, it crumbles to dust.
It is a scroll of identify.
f - a +0 dagger The scorpion barely misses you.
You aren't carrying any potions.
Casting: Ensorcelled Hibernation
Confirm with . or Enter, or press ? or * to list all spells.
Aiming: Ensorcelled Hibernation
Press: ? - help, Shift-Dir - straight line, f/p - scorpion
Aim: a scorpion (chance to defeat MR: 38%)
The scorpion resists with some effort.
The scorpion closely misses you.
Okay, then.
You aren't carrying any items that you can evoke.
Okay, then.
A scorpion is nearby!
You hit the scorpion but do no damage. You closely miss the scorpion.
The scorpion stings you!
Ouch! That really hurt!
You die...

#....#...#...
...###
#..(.##..#..###
.. #....#
#....#.#
#...Z###..##.##
####.##...#.#.#
#.##.##.##.#
#.#..#.###.#
#.###s## #.#
#.##@## #.#
#.####
###.###### #.#
#.......... #.#
#.######### #.#
#.# #.# #.# #.#
#.# #.######.#
#........#


You could see a scorpion.

Vanquished Creatures
  An ooze (D:1)
  A leopard gecko (D:1)
  2 goblins (D:1)
  4 hobgoblins (D:1)
  4 kobolds (D:1)
  A quokka (D:4)
  3 bats
  6 frilled lizards
  2 rats (D:1)
24 creatures vanquished.

Notes
Turn   | Place    | Note
-------+----------+-------------------------------------------
     0 | D:1      | scotch the Spriggan Enchanter began the quest for the Orb.
     0 | D:1      | Reached XP level 1. HP: 9/9 MP: 5/5
   505 | D:1      | Reached XP level 2. HP: 13/13 MP: 6/6
  1447 | D:1      | Learned a level 2 spell: Ensorcelled Hibernation
  1449 | D:1      | Reached skill level 5 in Stealth
  2253 | D:2      | Found a shadowy altar of Dithmenos.
  2301 | D:4      | Noticed a scorpion
  2840 | D:4      | Slain by a scorpion

Skill      XL: |  1  2 |
---------------+-------+-----
Hexes          | 4 |  4.4
Stealth        | 5 |  5.3
Short Blades   | |  1.1
Dodging        | |  3.0
Spellcasting   | |  2.6

Action                   || total
-------------------------++-------
Melee: Dagger            ||   103
 Cast: Corona            ||    11
       Ensorcelled Hiber ||    18
  Use: Scroll            ||     3
       Potion            ||     1
 Stab: Sleeping          ||    12
  Eat: Bread ration      ||     1
Armor: Robe              ||    15
Dodge: Dodged            ||   108
